 Dungeon Crawl Stone Soup version 0.23.2-40-g277498a001 (webtiles) character file.

Game seed: 626852347218548670

84 MalarOregon the Conjurer (level 4, -1/35 HPs)
             Began as a Draconian Conjurer on Sept 4, 2019.
             Slain by a sky beast (6 damage)
             ... on level 3 of the Dungeon.
             The game lasted 00:04:45 (2483 turns).

MalarOregon the Conjurer (Draconian Conjurer)       Turns: 2483, Time: 00:04:46

Health: -1/35      AC:  5    Str: 10    XL:     4   Next: 23%
Magic:  0/8        EV: 12    Int: 17    God:
Gold:   106        SH:  0    Dex: 11    Spells: 4/8 levels left

rFire    . . .     SeeInvis .   c - +0 dagger
rCold    . . .     Gourm    .   (no shield)
rNeg     . . .     Faith    .   (armour unavailable)
rPois    .         Spirit   .   (helmet restricted)
rElec    .         Reflect  .   (no cloak)
rCorr    .         Harm     .   (no gloves)
MR       .....                  (no boots)
Stlth    ++........             (no amulet)
HPRegen  0.11/turn              (no ring)
MPRegen  0.11/turn              (no ring)

@: no status effects
A: unfitting armour, cold-blooded, AC +5
a: no special abilities


You were on level 3 of the Dungeon.
You were not hungry.

You visited 1 branch of the dungeon, and saw 3 of its levels.

You collected 106 gold pieces.

Inventory:

Hand Weapons
 c - a +0 dagger (weapon)
   (You took it off a goblin on level 1 of the Dungeon)
Jewellery
 f - a +5 ring of evasion {unknown}
   (You found it on level 1 of the Dungeon)
 h - a cursed ring of attention {unknown}
   (You found it on level 1 of the Dungeon)
 k - a cursed ring of attention {unknown}
   (You found it on level 2 of the Dungeon)
 p - an uncursed ring of flight {unknown}
   (You found it on level 2 of the Dungeon)
Scrolls
 a - a scroll of noise {unknown}
 b - 5 scrolls of identify {unknown}
 d - a scroll of fog {unknown}
 g - a scroll of teleportation {unknown}
 i - a scroll of enchant weapon {unknown}
 j - 2 scrolls of remove curse {unknown}
 n - 2 scrolls of enchant armour {unknown}
Potions
 l - a potion of heal wounds {unknown}
 o - a potion of brilliance {unknown}
 q - a potion of agility {unknown}
Comestibles
 e - 4 rations {!d}
 m - 2 chunks of flesh


   Skills:
 + Level 1.4 Fighting
 + Level 2.2 Dodging
 + Level 2.4 Stealth
 * Level 2.9 Spellcasting
 + Level 4.3 Conjurations


You had 4 spell levels left.
You knew the following spells:

 Your Spells              Type           Power        Failure   Level  Hunger
a - Magic Dart            Conj           ###.         3%          1    None
s - Dazzling Spray        Conj/Hex       #.....       22%         3    ###....

Your spell library contained the following spells:

 Spells                   Type           Power        Failure   Level  Hunger
 Searing Ray              Conj           ###...       4%          2    ##.....
 Iskenderun's Mystic Bla  Conj           ###.....     30%         4    ####...
 Force Lance              Conj/Tloc      #.......     58%         4    ####...
 Fulminant Prism          Conj/Hex       #.........   58%         4    ####...


Dungeon Overview and Level Annotations

Branches:
Dungeon (3/15)

Altars:

Annotations:
D:3 1 runed translucent door, Jessica; nano's ghost, amateur SpAr


Innate Abilities, Weirdness & Mutations

Your plain brown scales are hard. (AC +5)
You cannot fit into any form of body armour.
You are cold-blooded and may be slowed by cold attacks.


Message History

Aim: a sky beast (moderately wounded)
The magic dart hits the sky beast.
Aim: a sky beast (moderately wounded)
The magic dart hits the sky beast.
Aim: a sky beast (moderately wounded)
The magic dart hits the sky beast.
Aim: a sky beast (heavily wounded)
The magic dart hits the sky beast but does no damage.
The sky beast barely misses you.
Aim: a sky beast (heavily wounded)
The magic dart hits the sky beast.
The sky beast hits you. The sky beast shocks you.
The sky beast flickers out of sight!
Deactivating autopickup; reactivate with Ctrl-A.
A sky beast appears from thin air!
Reactivating autopickup.
Nano's ghost ripples.
Aim: a sky beast (severely wounded)
The magic dart hits the sky beast.
The sky beast barely misses you.
You hit the sky beast. The sky beast misses you.
You hit the sky beast but do no damage. The sky beast hits you.
The sky beast shocks you.
You hit the sky beast but do no damage. The sky beast hits you.
The sky beast shocks you.
* * * LOW HITPOINT WARNING * * *
The sky beast misses you.
Aim: a sky beast (almost dead)
The magic dart hits the sky beast.
The sky beast hits you.
* * * LOW HITPOINT WARNING * * *
The sky beast shocks you.
* * * LOW HITPOINT WARNING * * *
A bat comes into view.
The bat moves out of view.
The sky beast flickers out of sight!
Deactivating autopickup; reactivate with Ctrl-A.
The magic dart hits something but does no damage.
Something hits you but does no damage.
Jessica the Apprentice Sorceress comes into view.
She is wielding a +0 dagger.
Jessica shouts!
A leopard gecko comes into view.
The leopard gecko hisses angrily.
Nano's ghost lets out a mournful wail.
A giant cockroach comes into view.
Nano's ghost says, "I could kill you with a lamp."
Aim: a leopard gecko (clinging)
The magic dart hits something but does no damage.
Something hits you.
* * * LOW HITPOINT WARNING * * *
Something shocks you.
You die...

#...# #...#
####...#
####......###.
##.......#.....
##..#+#...(.####
##..##.##..#.#
#..##...##...#
#@##.....##..#
#.#W.!♣%.⌠#..# ###
#l##.....##.<#...#
#..##...##......#
#...##⌠##....#.##
#.#.@###..#.#.##
#.##...s)##..##
#.##..#.###.#.#
#.....#........#


You could see nano's ghost, Jessica, a leopard gecko and a giant cockroach.

Vanquished Creatures
  2 gnolls (D:1)
  An ooze (D:2)
  3 worms (D:2)
  3 dart slugs
  4 bats (D:2)
  A giant cockroach (D:2)
  5 goblins
  7 hobgoblins
  6 jackals
  4 kobolds (D:2)
  A ball python (D:1)
  A frilled lizard (D:2)
  3 rats
41 creatures vanquished.

Notes
Turn   | Place    | Note
-------+----------+-------------------------------------------
     0 | D:1      | MalarOregon the Draconian Conjurer began the quest for the
                  | Orb.
     0 | D:1      | Reached XP level 1. HP: 14/14 MP: 3/3
   291 | D:1      | Reached XP level 2. HP: 22/22 MP: 0/5
   744 | D:1      | Reached XP level 3. HP: 27/27 MP: 3/6
   745 | D:1      | Reached skill level 1 in Fighting
   869 | D:1      | Learned a level 3 spell: Dazzling Spray
  1854 | D:2      | Reached XP level 4. HP: 15/35 MP: 0/8
  2426 | D:3      | Noticed nano's ghost (amateur SpAr)
  2427 | D:3      | Found a runed translucent door.
  2439 | D:3      | Noticed a sky beast
  2471 | D:3      | Noticed Jessica
  2483 | D:3      | Slain by a sky beast

Skill      XL: |  1  2  3 |
---------------+----------+-----
Dodging        | 2 |  2.2
Stealth        | 2 |  2.4
Fighting       | 1 |  1.4
Spellcasting   | |  2.9
Conjurations   | |  4.3

Action                   |  1- 3 |  4- 6 || total
-------------------------+-------+-------++-------
Melee: Unarmed           |     6 |       ||     6
       Dagger            |    54 |     8 ||    62
       Tailslap          |     9 |       ||     9
 Cast: Magic Dart        |    80 |    25 ||   105
       Dazzling Spray    |     2 |       ||     2
 Stab: Sleeping          |       |     1 ||     1
  Eat: Chunk             |     4 |     2 ||     6
Armor: Skin              |    13 |     3 ||    16
Dodge: Dodged            |    36 |     7 ||    43
